 Dungeon Crawl Stone Soup version 0.19-a0-488-gf8766cc (webtiles) character file.

4740 Delvonshi the Destroyer (level 10, -5/68 HPs)
             Began as a High Elf Wizard on June 5, 2016.
             Was a Believer of Sif Muna.
             Slain by msp's ghost (31 damage)
             ... on level 10 of the Dungeon.
             The game lasted 00:36:41 (10914 turns).

Delvonshi the Destroyer (High Elf Wizard)          Turns: 10914, Time: 00:36:41

Health: -5/68      AC:  7    Str:  6    XL:     10   Next: 22%
Magic:  23/31      EV:  7    Int: 26    God:    Sif Muna [**....]
Gold:   413        SH:  0    Dex: 14    Spells: 6 memorised, 11 levels left

rFire  + . .     SeeInvis .     G - +2 spear (curse)
rCold  . . .     Gourm    .     y - +2 robe {rF+}
rNeg   + . .     Faith    .     (no shield)
rPois  .         Spirit   .     h - +1 helmet
rElec  .         Dismiss  .     A - +0 cloak
rCorr  .         Reflect  .     (no gloves)
SustAt .         Harm     .     (no boots)
MR     +....                    q - amulet of magic regeneration
Stlth  ++........               v - ring of positive energy
                                t - ring of magical power

@: repel missiles, somewhat resistant to hostile enchantments, unstealthy
A: no striking features
a: Channel Energy, Renounce Religion


You were on level 10 of the Dungeon.
You worshipped Sif Muna.
Sif Muna was pleased with you.
You were not hungry.

You visited 2 branches of the dungeon, and saw 11 of its levels.

You collected 607 gold pieces.
You spent 194 gold pieces at shops.

Inventory:

Hand Weapons
 G - a cursed +2 spear (weapon)
Armour
 h - a +1 helmet (worn)
 y - a +2 robe of fire resistance (worn)
 A - a +0 cloak (worn)
Magical Staves
 u - an uncursed staff of death
Jewellery
 q - an amulet of magic regeneration (around neck)
 t - a ring of magical power (left hand)
 v - a ring of positive energy (right hand)
 B - an uncursed ring of see invisible {unknown}
Wands
 a - a wand of iceblast (13/15)
 D - a wand of digging (17/24)
 J - a wand of acid (5/15)
 L - a wand of confusion (30/48)
Scrolls
 j - 7 scrolls of identify
 p - a scroll of teleportation
 s - a scroll of enchant armour
 C - a scroll of fog
 H - a scroll of blinking
Potions
 i - 3 potions of might
 k - a potion of heal wounds {unknown}
 l - 3 potions of resistance
 o - a potion of lignification
 r - 4 potions of curing {unknown}
 w - a potion of berserk rage {unknown}
 x - a potion of degeneration {unknown}
 z - a potion of magic
 E - a potion of agility {unknown}
 F - a potion of invisibility {unknown}
Books
 c - a book of Minor Magic

   Spells                             Type                      Level
   a - Magic Dart                     Conjuration                  1
   b - Blink                          Translocation                2
   c - Call Imp                       Summoning                    2
   d - Repel Missiles                 Charms/Air                   2
   e - Slow                           Hexes                        2
   f - Conjure Flame                  Conjuration/Fire             3
   g - Mephitic Cloud                 Conjuration/Poison/Air       3
 K - a book of the Warp

   Spells                             Type                      Level
   a - Recall                         Summoning/Translocation      3
   b - Gell's Gravitas                Hexes/Translocation          3
   c - Force Lance                    Conjuration/Translocation    4
   d - Warp Weapon                    Charms/Translocation         5
   e - Summon Forest                  Summoning/Translocation      5
Comestibles
 d - 4 bread rations
 f - a slice of pizza
 g - 2 royal jellies
 m - 2 beef jerkies
 n - 4 meat rations
 M - 3 chunks of flesh


   Skills:
 - Level 5.8 Fighting
 - Level 2.1 Dodging
 - Level 2.1 Stealth
 + Level 7.8 Spellcasting
 - Level 10.3 Conjurations
 - Level 0.8 Summonings
 + Level 4.7 Translocations
 - Level 5.8 Fire Magic
 - Level 9.3 Air Magic


You had 11 spell levels left.
You knew the following spells:

 Your Spells              Type           Power        Failure   Level  Hunger
a - Magic Dart            Conj           ####         1%          1    None
b - Call Imp              Summ           ##......     10%         2    None
c - Conjure Flame         Conj/Fire      ######..     1%          3    None
d - Mephitic Cloud        Conj/Pois/Air  #####...     1%          3    None
e - Blink                 Tloc           N/A          1%          2    None
f - Repel Missiles        Chrm/Air       ####..       1%          2    None


Dungeon Overview and Level Annotations

Branches:
Dungeon (10/15)            Temple (1/1) D:6            Lair (0/8) D:9
    Orc: D:9-12

Altars:
Ashenzari
Cheibriados
Dithmenos
Elyvilon
Fedhas
Gozag
Hepliaklqana
Kikubaaqudgha
Makhleb
Nemelex Xobeh
Okawaru
Pakellas
Qazlal
Ru
Sif Muna
Trog
Uskayaw
Vehumet
Xom
Yredelemnul
Zin
The Shining One

Shops:
D:4 :   D:6 [

Annotations:
D:5 Menkaure
D:10 msp's ghost, novice TrFi


Message History

Casting: Conjure Flame
Confirm with . or Enter, or press ? or * to list all spells.
Aiming: Conjure Flame
Press: ? - help, Dir - move target cursor The fire roars!
You hit msp's ghost but do no damage.
Msp's ghost is moderately damaged.
Msp's ghost is engulfed in roaring flames.
Msp's ghost hits you but does no damage.
You barely miss msp's ghost.
Msp's ghost is heavily damaged.
Msp's ghost is engulfed in roaring flames.
Msp's ghost hits you!!
You hit msp's ghost but do no damage.
Msp's ghost is heavily damaged.
Msp's ghost is engulfed in roaring flames.
Msp's ghost hits you!
Msp's ghost is engulfed in roaring flames.
Msp's ghost hits you!!
You die...

###### #....#
#.)).######
#.)).#@§..#
#######)##W§..#
#..#..........#
#..#.W........#
#..§...........#
#..#........##.#
#..#######..# .#
#........#.....#
#........###+##


You could see msp's ghost.

Vanquished Creatures
  The ghost of gressup the Cruncher, a novice FoFi of Kikubaaqudgha (D:9)
  A two-headed ogre (D:9)
  A hippogriff (D:7)
  A hungry ghost (D:7)
  A water moccasin (D:7)
  An orc warrior (D:6)
  2 phantoms
  2 ice beasts (D:6)
  A black bear (D:9)
  2 sky beasts
  7 ogres
  A centaur (D:6)
  6 giant frogs
  3 killer bees
  10 wights
  3 howler monkeys (D:9)
  2 crimson imps
  2 quasits
  A centaur zombie (D:8)
  3 orc priests
  5 hounds
  A gnoll shaman (D:10)
  6 orc wizards
  2 worker ants
  8 adders
  5 gnolls (D:10)
  A howler monkey skeleton (D:9)
  A shadow imp (D:6)
  An adder zombie (D:9)
  An adder skeleton (D:4)
  4 worms
  2 dart slugs
  4 giant geckos
  27 orcs
  A ball python (D:2)
  5 giant cockroaches
  11 goblins
  8 hobgoblins
  4 jackals (D:4)
  5 quokkas
  4 bats
  A giant gecko skeleton (D:4)
  3 giant newts
  10 kobolds
  12 rats
183 creatures vanquished.

Vanquished Creatures (collateral kills)
  A wasp (D:5)
  A crimson imp (D:8)
  An orc priest (D:4)
  An orc wizard (D:4)
  A worker ant (D:3)
5 creatures vanquished.

Grand Total: 188 creatures vanquished

Notes
Turn   | Place    | Note
--------------------------------------------------------------
     0 | D:1      | Delvonshi the High Elf Wizard began the quest for the Orb.
     0 | D:1      | Reached XP level 1. HP: 11/11 MP: 6/6
   481 | D:1      | Reached XP level 2. HP: 14/17 MP: 2/7
   507 | D:1      | Reached skill level 2 in Conjurations
  1070 | D:2      | Reached XP level 3. HP: 21/21 MP: 0/9
  1583 | D:2      | Found a hazy altar of Hepliaklqana.
  1713 | D:2      | Reached skill level 3 in Conjurations
  1789 | D:2      | Learned a level 2 spell: Call Imp
  1793 | D:2      | Learned a level 3 spell: Conjure Flame
  1797 | D:2      | Learned a level 3 spell: Mephitic Cloud
  1800 | D:2      | Learned a level 2 spell: Blink
  2049 | D:2      | Reached skill level 1 in Air Magic
  2049 | D:2      | Reached XP level 4. HP: 16/27 MP: 3/11
  2843 | D:3      | Found a snail-covered altar of Cheibriados.
  3109 | D:3      | Found a hide-covered altar of Uskayaw.
  3153 | D:3      | Found a burning altar of Makhleb.
  3342 | D:3      | Reached skill level 4 in Conjurations
  3342 | D:3      | Reached XP level 5. HP: 27/31 MP: 2/12
  3474 | D:3      | Found a shadowy altar of Dithmenos.
  3645 | D:4      | Reached skill level 5 in Fighting
  3645 | D:4      | Reached skill level 7 in Conjurations
  3645 | D:4      | Reached skill level 5 in Fire Magic
  3645 | D:4      | Reached XP level 6. HP: 46/46 MP: 13/13
  3877 | D:4      | Learned a level 2 spell: Repel Missiles
  4193 | D:4      | Found a bloodstained altar of Trog.
  4203 | D:4      | Reached skill level 8 in Conjurations
  4290 | D:4      | Reached XP level 7. HP: 41/51 MP: 13/14
  4983 | D:4      | Found Jianwiso's Book Shop.
  5126 | D:5      | Entered Level 5 of the Dungeon
  5341 | D:5      | Noticed Menkaure
  5848 | D:5      | You fall through a shaft!
  5971 | D:6      | Reached XP level 8. HP: 50/57 MP: 15/15
  5974 | D:6      | Found Qoytucali's Armour Boutique.
  6157 | D:6      | Reached skill level 9 in Conjurations
  6204 | D:6      | Found a basalt altar of Yredelemnul.
  6646 | D:6      | Found an iron altar of Okawaru.
  6735 | D:6      | Found a staircase to the Ecumenical Temple.
  6818 | Temple   | Entered the Ecumenical Temple
  7185 | D:6      | Bought a +2 robe of fire resistance for 194 gold pieces
  7835 | D:7      | Reached XP level 9. HP: 62/62 MP: 13/17
  7850 | D:7      | Reached skill level 5 in Spellcasting
  8423 | D:7      | Found a deep blue altar of Sif Muna.
  8426 | D:7      | Became a worshipper of Sif Muna the Loreminder
  9011 | D:8      | Found an oddly glowing altar of Pakellas.
  9164 | D:8      | Reached skill level 10 in Conjurations
  9422 | D:8      | Reached * piety under Sif Muna
 10031 | D:9      | Reached XP level 10. HP: 68/68 MP: 18/21
 10352 | D:9      | Noticed gressup's ghost (novice FoFi)
 10369 | D:9      | Killed gressup's ghost
 10369 | D:9      | Reached ** piety under Sif Muna
 10444 | D:9      | Found a staircase to the Lair.
 10667 | D:10     | Entered Level 10 of the Dungeon
 10877 | D:10     | Noticed msp's ghost (novice TrFi)
 10914 | D:10     | Slain by msp's ghost

Vault maps used:
D:1:      dpeg_arrival_line_fractal
D:2:      lemuel_doored_altar
D:3:      old_standard_altar, kennysheep_slug_shrine, old_standard_altar,
          marbit_many_paths
D:4:      lightli_temple_of_fire, serial_shops, kennysheep_little_box,
          minmay_stone_trees_small, minmay_crossroads
D:5:      serial_shops, shop, first_bread, grunt_dithmenos_shadows,
          uniq_blork_the_orc, uniq_duvessa, uniq_menkaure
D:6:      lemuel_crystal_altar, nicolae_overflow_crystal_walls,
          minmay_temple_entry_fiery, serial_shops, shop_fountains
D:7:      lemuel_blue_sif_altar
D:8:      lemuel_crystal_altar, serial_glass, glass_columns_b, glass_columns_b
D:9:      lair_0_dummy
D:10:     lemuel_slime
Temple:   triangle_lava_temple_12

Skill      XL: |  1  2  3  4  5  6  7  8  9 10 |
---------------+-------------------------------+-----
Conjurations   | 2 3 4 7 8 9 10 | 10.3
Spellcasting   | 4 7 |  7.8
Air Magic      | 1 2 7 8 9 |  9.3
Fighting       | 5 |  5.8
Fire Magic     | 5 |  5.8
Translocations | 2 3 4 |  4.7
Dodging        | |  2.1
Stealth        | |  2.1
Summonings     | |  0.8

Action                   |  1- 3 |  4- 6 |  7- 9 | 10-12 || total
-------------------------+-------+-------+-------+-------++-------
Melee: Dagger            |    14 |    23 |     8 |     3 ||    48
       Short sword       |     1 |       |       |       ||     1
       Spear             |       |       |       |     3 ||     3
 Cast: Magic Dart        |   112 |   122 |   485 |    55 ||   774
       Mephitic Cloud    |       |     5 |    26 |     1 ||    32
       Call Imp          |       |     3 |    11 |     2 ||    16
       Conjure Flame     |       |     2 |    32 |    12 ||    46
       Repel Missiles    |       |     1 |       |       ||     1
       Blink             |       |       |     2 |       ||     2
  Use: Scroll            |     3 |    10 |     2 |     1 ||    16
       Potion            |       |     1 |     2 |       ||     3
 Stab: Sleeping          |     1 |     1 |       |       ||     2
       Confused          |       |     3 |       |       ||     3
  Eat: Chunk             |     3 |     7 |    18 |     3 ||    31
       Bread ration      |       |       |     1 |       ||     1
       Pizza             |       |       |     1 |       ||     1
Armor: Robe              |    20 |    18 |    32 |     5 ||    75
Dodge: Dodged            |    49 |    24 |    74 |    13 ||   160
       Deflected         |       |       |     6 |       ||     6
